SAAA
PAWNEE PARKSNREC @ SCRANTON SUPERNOVAS
09/03/2029
 
TOP OF THE 1ST
Pawnee ParksNRec batting - Pitching for Scranton Supernovas : RHP Victor Brey
Pitching: RHP Victor Brey
Batting: SHB Júlio Camacho 0-0: Ground out U3 (Groundball, 3L)
Batting: LHB Felipe Trujillo 0-0: SINGLE (Flyball, 89S)
Batting: RHB Ken Bone 0-0: Ball
1-0: Foul Ball, location: 2F
1-1: Swinging Strike
1-2: Foul Ball, location: 2F
1-2: SINGLE (Groundball, 34D)
Felipe Trujillo to second
Runner from 2nd tries for 3rd, SAFE, no throw
Batting: RHB Nick Boyd 0-0: Called Strike
0-1: Foul Ball, location: 2F
0-2: Foul Ball, location: 2F
0-2: Ball
1-2: Ball
2-2: Ball
3-2: SINGLE (Line Drive, 34)
Felipe Trujillo scores
Ken Bone to second
Batting: LHB Tom Benjamin 0-0: Called Strike
0-1: Ball
1-1: Ball
2-1: Fly out, F8 (Flyball, 8RD)
Batting: RHB Michael Douglas 0-0: Ball
1-0: Ball
2-0: Foul Ball, location: 2F
2-1: Ball
3-1: Foul Ball, location: 2F
3-2: Base on Balls
Ken Bone to third
Nick Boyd to second
Batting: RHB Britt Lynch 0-0: Called Strike
0-1: Ball
1-1: Foul Ball, location: 2F
1-2: Ball
2-2: SINGLE (Flyball, 8LS)
Ken Bone scores
Nick Boyd to third
Michael Douglas to second
Batting: RHB Ronald Hines 0-0: Ball
1-0: Swinging Strike
1-1: Foul Ball, location: 2F
1-2: Ball
2-2: Ball
3-2: Strikes out swinging
Top of the 1st over - 2 runs, 4 hits, 0 errors, 3 left on base; Pawnee 2 - Scranton 0
BOTTOM OF THE 1ST
Scranton Supernovas batting - Pitching for Pawnee ParksNRec : RHP Brewster Warble
Pitching: RHP Brewster Warble
Batting: RHB Senior Pond 0-0: Reached on error, E4 (Groundball, 4)
Batting: RHB David Wooderson 0-0: Ball
1-0: Ground out 4-3 (Groundball, 4)
Senior Pond to third
Batting: LHB Chase Popoff 0-0: Called Strike
0-1: SINGLE (Groundball, 34D)
Senior Pond scores
Batting: RHB Phil Moore 0-0: Ball
1-0: Called Strike
1-1: 2-RUN HOME RUN (Flyball, 9LD), Distance : 354 ft
Batting: RHB Felipe Bruno 0-0: Called Strike
0-1: Foul Ball, location: 2F
0-2: Ball
1-2: Fly out, F8 (Line Drive, 8LD)
Batting: RHB Mikko Haataja 0-0: Called Strike
0-1: Ground out 6-3 (Groundball, 6)
Bottom of the 1st over - 3 runs, 2 hits, 1 error, 0 left on base; Pawnee 2 - Scranton 3
TOP OF THE 2ND
Pawnee ParksNRec batting - Pitching for Scranton Supernovas : RHP Victor Brey
Batting: SHB Dennis Barraclough 0-0: Called Strike
0-1: Ball
1-1: Ground out 1-3 (Groundball, 13)
Batting: SHB Júlio Camacho 0-0: Ball
1-0: Foul Ball, location: 2F
1-1: Swinging Strike
1-2: Foul Ball, location: 2F
1-2: Strikes out swinging
Batting: LHB Felipe Trujillo 0-0: Fly out, F7 (Flyball, 7D)
Top of the 2nd over - 0 runs, 0 hits, 0 errors, 0 left on base; Pawnee 2 - Scranton 3
BOTTOM OF THE 2ND
Scranton Supernovas batting - Pitching for Pawnee ParksNRec : RHP Brewster Warble
Batting: RHB Kent Summey 0-0: Called Strike
0-1: Ball
1-1: Called Strike
1-2: DOUBLE (Line Drive, 78D)
Batting: LHB Todd Blankenburg 0-0: Ball
1-0: Ball
2-0: Swinging Strike
2-1: SINGLE (Groundball, 6M) (infield hit)
Kent Summey to third
Batting: RHB Brad Jacobson 0-0: Grounds into double play, 4-6-3 (Groundball, 4M)
Kent Summey scores
Batting: RHB Senior Pond 0-0: Ball
1-0: Called Strike
1-1: Swinging Strike
1-2: Foul Ball, location: 2F
1-2: Foul Ball, location: 2F
1-2: Ball
2-2: Ground out 6-3 (Groundball, 6)
Bottom of the 2nd over - 1 run, 2 hits, 0 errors, 0 left on base; Pawnee 2 - Scranton 4
TOP OF THE 3RD
Pawnee ParksNRec batting - Pitching for Scranton Supernovas : RHP Victor Brey
Batting: RHB Ken Bone 0-0: Called Strike
0-1: Ball
1-1: Ball
2-1: Foul Ball, location: 2F
2-2: Strikes out swinging
Batting: RHB Nick Boyd 0-0: Fly out, F8 (Flyball, 8RM)
Batting: LHB Tom Benjamin 0-0: Foul Ball, location: 2F
0-1: Hit by Pitch
Batting: RHB Michael Douglas 0-0: Foul Ball, location: 2F
0-1: Ball
1-1: Ball
2-1: Ball
3-1: Foul Ball, location: 2F
3-2: Base on Balls
Tom Benjamin to second
Batting: RHB Britt Lynch 0-0: Called Strike
0-1: Ball
1-1: Swinging Strike
1-2: Strikes out swinging
Top of the 3rd over - 0 runs, 0 hits, 0 errors, 2 left on base; Pawnee 2 - Scranton 4
BOTTOM OF THE 3RD
Scranton Supernovas batting - Pitching for Pawnee ParksNRec : RHP Brewster Warble
Batting: RHB David Wooderson 0-0: Called Strike
0-1: Foul Ball, location: 2F
0-2: Foul Ball, location: 2F
0-2: Ball
1-2: Ball
2-2: Fly out, F3 (Popup, 3)
Batting: LHB Chase Popoff 0-0: Called Strike
0-1: SINGLE (Flyball, 7LS) - OUT at second base trying to stretch hit.
Batting: RHB Phil Moore 0-0: Ball
1-0: Ball
2-0: Ball
3-0: Ground out 6-3 (Groundball, 6)
Bottom of the 3rd over - 0 runs, 1 hit, 0 errors, 0 left on base; Pawnee 2 - Scranton 4
TOP OF THE 4TH
Pawnee ParksNRec batting - Pitching for Scranton Supernovas : RHP Victor Brey
Batting: RHB Ronald Hines 0-0: Ball
1-0: Ball
2-0: Foul Ball, location: 2F
2-1: Foul Ball, location: 2F
2-2: Strikes out swinging
Batting: SHB Dennis Barraclough 0-0: Called Strike
0-1: Swinging Strike
0-2: Strikes out swinging
Batting: SHB Júlio Camacho 0-0: Ball
1-0: Ball
2-0: Ball
3-0: Called Strike
3-1: Foul Ball, location: 2F
3-2: Base on Balls
Batting: LHB Felipe Trujillo 0-0: Ball
1-0: Called Strike
1-1: Ball
2-1: Ground out 4-3 (Groundball, 4)
Top of the 4th over - 0 runs, 0 hits, 0 errors, 1 left on base; Pawnee 2 - Scranton 4
BOTTOM OF THE 4TH
Scranton Supernovas batting - Pitching for Pawnee ParksNRec : RHP Brewster Warble
Batting: RHB Felipe Bruno 0-0: Foul Ball, location: 2F
0-1: Foul Ball, location: 2F
0-2: Foul Ball, location: 2F
0-2: Ball
1-2: Foul Ball, location: 2F
1-2: SOLO HOME RUN (Flyball, 7D), Distance : 392 ft
Batting: RHB Mikko Haataja 0-0: Ball
1-0: Ball
2-0: DOUBLE (Line Drive, 7LM)
Batting: RHB Kent Summey 0-0: Called Strike
0-1: Ball
Mikko Haataja steals 3rd base
1-1: SINGLE (Line Drive, 4D)
Mikko Haataja scores
Batting: LHB Todd Blankenburg 0-0: Swinging Strike
0-1: SINGLE (Groundball, 6MD)
Kent Summey to second
Batting: RHB Brad Jacobson 0-0: Ball
1-0: Fly out, F8 (Flyball, 8RM)
Batting: RHB Senior Pond 0-0: Called Strike
0-1: Ball
1-1: Foul Ball, location: 2F
1-2: Ball
2-2: Ball
3-2: Ground out 6-3 (Groundball, 6S)
Kent Summey to third
Todd Blankenburg to second
Batting: RHB David Wooderson 0-0: Ball
1-0: Ball
2-0: Foul Ball, location: 2F
2-1: Foul Ball, location: 2F
2-2: Foul Ball, location: 2F
2-2: Foul Ball, location: 2F
2-2: Fly out, F7 (Flyball, 7)
Bottom of the 4th over - 2 runs, 4 hits, 0 errors, 2 left on base; Pawnee 2 - Scranton 6
TOP OF THE 5TH
Pawnee ParksNRec batting - Pitching for Scranton Supernovas : RHP Victor Brey
Batting: RHB Ken Bone 0-0: Ground out 6-3 (Groundball, 6)
Batting: RHB Nick Boyd 0-0: Ball
1-0: Called Strike
1-1: Fly out, F7 (Flyball, 7LSF)
Batting: LHB Tom Benjamin 0-0: Ball
1-0: Ball
2-0: Foul Ball, location: 2F
2-1: SOLO HOME RUN (Flyball, 78XD), Distance : 432 ft
Batting: RHB Michael Douglas 0-0: Foul Ball, location: 2F
0-1: Swinging Strike
0-2: Fly out, F8 (Flyball, 8RD)
Top of the 5th over - 1 run, 1 hit, 0 errors, 0 left on base; Pawnee 3 - Scranton 6
BOTTOM OF THE 5TH
Scranton Supernovas batting - Pitching for Pawnee ParksNRec : RHP Brewster Warble
Batting: LHB Chase Popoff 0-0: Ball
1-0: DOUBLE (Groundball, 3L) - OUT at third base trying to stretch hit.
Batting: RHB Phil Moore 0-0: Ball
1-0: Ground out 6-3 (Groundball, 6)
Batting: RHB Felipe Bruno 0-0: Called Strike
0-1: Called Strike
0-2: Fly out, F6 (Line Drive, 6)
Bottom of the 5th over - 0 runs, 1 hit, 0 errors, 0 left on base; Pawnee 3 - Scranton 6
TOP OF THE 6TH
Pawnee ParksNRec batting - Pitching for Scranton Supernovas : RHP Victor Brey
Batting: RHB Britt Lynch 0-0: Called Strike
0-1: Ball
1-1: Fly out, F7 (Flyball, 7)
Batting: RHB Ronald Hines 0-0: Foul Ball, location: 2F
0-1: Swinging Strike
0-2: Fly out, F7 (Flyball, 7LS)
Batting: SHB Dennis Barraclough 0-0: Ball
1-0: Fly out, F9 (Flyball, 9LM)
Top of the 6th over - 0 runs, 0 hits, 0 errors, 0 left on base; Pawnee 3 - Scranton 6
BOTTOM OF THE 6TH
Scranton Supernovas batting - Pitching for Pawnee ParksNRec : RHP Brewster Warble
Pitching: RHP Justin Barber
Batting: RHB Mikko Haataja 0-0: Ball
1-0: Called Strike
1-1: Ball
2-1: Swinging Strike
2-2: SINGLE (Groundball, 56D)
Batting: RHB Kent Summey 0-0: Foul Ball, location: 2F
0-1: Ball
1-1: Ball
2-1: Ball
3-1: Foul Ball, location: 2F
3-2: SINGLE (Line Drive, 9LS)
Mikko Haataja to second
Batting: LHB Todd Blankenburg 0-0: Called Strike
0-1: SINGLE (Line Drive, 4MD)
Mikko Haataja to third
Kent Summey to second
Runner from 3rd tries for Home, throw and OUT!
Batting: RHB Brad Jacobson 0-0: Called Strike
0-1: Swinging Strike
0-2: Ball
1-2: Ball
2-2: Ground out 4-3 (Groundball, 4S)
Kent Summey to third
Todd Blankenburg to second
Batting: RHB Senior Pond 0-0: SINGLE (Groundball, 6MD)
Kent Summey scores
Todd Blankenburg to third
Runner from 3rd tries for Home, SAFE, no throw
Batting: RHB David Wooderson 0-0: Foul Ball, location: 2F
0-1: Foul Ball, location: 2F
0-2: Foul Ball, location: 2F
0-2: Foul Ball, location: 2F
0-2: SINGLE (Groundball, 6MD)
Senior Pond to second
Runner from 2nd tries for 3rd, SAFE, no throw
Batting: LHB Chase Popoff 0-0: Foul Ball, location: 2F
0-1: Fly out, F7 (Flyball, 7LSF)
Bottom of the 6th over - 2 runs, 5 hits, 0 errors, 2 left on base; Pawnee 3 - Scranton 8
TOP OF THE 7TH
Pawnee ParksNRec batting - Pitching for Scranton Supernovas : RHP Victor Brey
Pitching: RHP Pedro Rodríguez
Batting: SHB Júlio Camacho 0-0: SINGLE (Line Drive, 56D)
Batting: LHB Felipe Trujillo 0-0: Ball
1-0: Foul Ball, location: 2F
1-1: Called Strike
1-2: Ball
Júlio Camacho steals 2nd base
2-2: Ball
3-2: Foul Ball, location: 2F
3-2: Foul Ball, location: 2F
3-2: Fly out, F6 (Popup, 6MS)
Batting: RHB Ken Bone 0-0: Foul Ball, location: 2F
0-1: Swinging Strike
0-2: Foul Ball, location: 2F
0-2: Ball
1-2: Strikes out swinging
Batting: RHB Nick Boyd 0-0: Swinging Strike
0-1: Called Strike
0-2: Ground out 3-1 (Groundball, 34)
Top of the 7th over - 0 runs, 1 hit, 0 errors, 1 left on base; Pawnee 3 - Scranton 8
BOTTOM OF THE 7TH
Scranton Supernovas batting - Pitching for Pawnee ParksNRec : RHP Justin Barber
Batting: RHB Phil Moore 0-0: Ground out 4-3 (Groundball, 4)
Batting: RHB Felipe Bruno 0-0: Ball
1-0: Ball
2-0: Ball
3-0: Foul Ball, location: 2F
3-1: Base on Balls
Batting: RHB Mikko Haataja 0-0: Ball
1-0: Foul Ball, location: 2F
1-1: Ball
2-1: Foul Ball, location: 2F
2-2: Fly out, F8 (Flyball, 8LD)
Batting: RHB Kent Summey 0-0: Ball
1-0: Called Strike
1-1: Called Strike
1-2: Ball
2-2: Ground out 6-3 (Groundball, 6)
Bottom of the 7th over - 0 runs, 0 hits, 0 errors, 1 left on base; Pawnee 3 - Scranton 8
TOP OF THE 8TH
Pawnee ParksNRec batting - Pitching for Scranton Supernovas : RHP Pedro Rodríguez
Batting: LHB Tom Benjamin 0-0: Swinging Strike
0-1: Foul Ball, location: 2F
0-2: Ball
1-2: SOLO HOME RUN (Flyball, 9D), Distance : 412 ft
Batting: RHB Michael Douglas 0-0: Ball
1-0: Foul Ball, location: 2F
1-1: Called Strike
1-2: Foul Ball, location: 2F
1-2: DOUBLE (Line Drive, 7LM)
Batting: RHB Britt Lynch 0-0: Ball
1-0: Swinging Strike
1-1: Foul Ball, location: 2F
1-2: Foul Ball, location: 2F
1-2: Strikes out swinging
Batting: RHB Ronald Hines 0-0: Ball
1-0: Ball
2-0: Swinging Strike
2-1: Ball
3-1: Base on Balls
Batting: SHB Dennis Barraclough 0-0: Ball
1-0: Ball
2-0: Foul Ball, location: 2F
2-1: Swinging Strike
2-2: Strikes out swinging
Batting: SHB Júlio Camacho 0-0: Fly out, F7 (Flyball, 7)
Top of the 8th over - 1 run, 2 hits, 0 errors, 2 left on base; Pawnee 4 - Scranton 8
BOTTOM OF THE 8TH
Scranton Supernovas batting - Pitching for Pawnee ParksNRec : RHP Justin Barber
Batting: LHB Todd Blankenburg 0-0: Ball
1-0: Ball
2-0: Ball
3-0: Base on Balls
Batting: RHB Brad Jacobson 0-0: Fly out, F7 (Flyball, 7LMF)
Batting: RHB Senior Pond 0-0: Ball
1-0: Foul Ball, location: 2F
1-1: Ball
2-1: Swinging Strike
2-2: Foul Ball, location: 2F
2-2: Foul Ball, location: 2F
Pickoff Throw to First - Out!
2-2: Ball
3-2: Base on Balls
Pitching: LHP Melvin Morgan
Batting: RHB David Wooderson 0-0: Ball
1-0: DOUBLE (Line Drive, 78D)
Senior Pond to third
Runner from 3rd tries for Home, SAFE, no throw
Batting: LHB Chase Popoff 0-0: Ball
1-0: Called Strike
1-1: Foul Ball, location: 2F
1-2: Foul Ball, location: 2F
1-2: Ball
2-2: Fly out, F9 (Flyball, 9S)
Bottom of the 8th over - 1 run, 1 hit, 0 errors, 1 left on base; Pawnee 4 - Scranton 9
TOP OF THE 9TH
Pawnee ParksNRec batting - Pitching for Scranton Supernovas : RHP Pedro Rodríguez
Now at 1B: Pedro Rivera
Batting: LHB Felipe Trujillo 0-0: Called Strike
0-1: Foul Ball, location: 2F
0-2: Ball
1-2: Foul Ball, location: 2F
1-2: Ground out 5-3 (Groundball, 56)
Batting: RHB Ken Bone 0-0: SINGLE (Line Drive, 34D)
Batting: RHB Nick Boyd 0-0: Swinging Strike
0-1: Ball
1-1: Called Strike
1-2: Ball
2-2: SINGLE (Groundball, 5S) (infield hit)
Ken Bone to second
Batting: LHB Tom Benjamin 0-0: Ball
1-0: Swinging Strike
1-1: Called Strike
1-2: Ball
2-2: Strikes out looking
Pitching: LHP Luis Ortíz
Batting: RHB Michael Douglas 0-0: Called Strike
0-1: Ball
1-1: Fly out, F9 (Flyball, 89D)
Top of the 9th over - 0 runs, 2 hits, 0 errors, 2 left on base; Pawnee 4 - Scranton 9
Tuesday, December 19th, 2017 - OOTP Baseball 18.8 Build 76